 Dungeon Crawl Stone Soup version 0.29.1-15-g9cfb28693d (webtiles) character file.

Game seed: 10642072350246892671

830 macek the Covered (level 8, -1/61 HPs)
             Began as a Human Fighter on Apr 3, 2023.
             Was a Follower of Cheibriados.
             Slain by a gnoll
             ... wielding a +0 spear
             ... led by a gnoll sergeant
              (5 damage)
             ... on level 5 of the Dungeon.
             The game lasted 00:32:36 (4602 turns).

macek the Covered (Human Fighter)                   Turns: 4602, Time: 00:32:38

Health: -1/61      AC: 13    Str: 25    XL:     8   Next: 18%
Magic:  11/11      EV:  6    Int: 10    God:    Cheibriados [*.....]
Gold:   305        SH:  0    Dex: 17    Spells: 9/11 levels left

rFire   + . .      SeeInvis .   a - +1 war axe
rCold   . . .      Faith    .   c - +0 buckler
rNeg    . . .      Spirit   .   j - +0 plate armour
rPois   .          Reflect  .   (no helmet)
rElec   .          Harm     .   (no cloak)
rCorr   .          Rampage  .   A - +0 pair of gloves
Will    .....                   (no boots)
Stlth   ..........              y - amulet of the acrobat
HPRegen 0.20/turn               e - +6 ring of strength
MPRegen 0.12/turn               g - ring of protection from fire

@: confused, mighty, lethally poisoned (-1 -> -13), ambrosia-drunk, studying
Throwing, very slow
A: no striking features
a: Renounce Religion, Bend Time


You were on level 5 of the Dungeon.
You worshipped Cheibriados.
Cheibriados was aware of your devotion.
You visited 1 branch of the dungeon, and saw 5 of its levels.

You collected 329 gold pieces.
You donated 24 gold pieces to Zin.

Inventory:

Hand Weapons
 a - a +1 war axe (weapon)
 f - a +2 flail of draining
 m - a +1 dagger of draining
 n - a +0 spear
 s - the +8 mace of Ghostly Indomitability {drain, *Corrode rElec Will+ Str+7}
   (You found it on level 2 of the Dungeon)

   A truly terrible weapon, it drains the life of any living foe it strikes.
   Str:       It affects your strength (+7).
   rElec:     It insulates you from electricity.
   *Corrode:  It may corrode you when you take damage.
   Will:      It increases your willpower.
Missiles
 h - 5 atropa-tipped darts
 o - 6 curare-tipped darts
 u - 33 stones
 B - 3 boomerangs
 C - 10 poisoned darts
 E - 3 silver boomerangs
Armour
 b - a +0 scale mail
 c - a +0 buckler (worn)
 j - a +0 plate armour (worn)
 A - a +0 pair of gloves (worn)
Jewellery
 e - a +6 ring of strength (left hand)
 g - a ring of protection from fire (right hand)
 r - a ring of wizardry
 y - an amulet of the acrobat (around neck)
 G - a +6 ring of intelligence
 L - a ring of wizardry
 O - a ring of poison resistance
Wands
 w - a wand of iceblast (1) (quivered)
 K - a wand of charming (8)
 N - a wand of flame (21)
Scrolls
 k - a scroll of teleportation
 q - 2 scrolls of enchant weapon
 t - 2 scrolls of butterflies
 x - a scroll of magic mapping
 D - 2 scrolls of blinking
 M - a scroll of identify
Potions
 d - 3 potions of might
 i - a potion of flight {unknown}
 l - a potion of brilliance {unknown}
 p - a potion of curing {unknown}
 v - a potion of mutation {unknown}
 z - a potion of cancellation {unknown}
 H - a potion of berserk rage {unknown}
 J - a potion of haste {unknown}


   Skills:
 * Level 4.7 Fighting
 - Level 2.7(3.3) Axes
 * Level 2.7(3.3) Maces & Flails
 * Level 4.1 Throwing
 * Level 4.8 Armour
 + Level 4.1 Shields
 * Level 2.2 Spellcasting
 * Level 2.3 Evocations


You had 9 spell levels left.
You knew the following spells:

 Your Spells              Type           Power      Damage    Failure   Level
a - Blink                 Tloc           2%         N/A       100%        2

Your spell library contained the following spells:

 Spells                   Type           Power      Damage    Failure   Level
 Lesser Beckoning         Tloc           1%         N/A       100%        3
 Manifold Assault         Tloc           1%         N/A       100%        5


Dungeon Overview and Level Annotations

Branches:
Dungeon (5/15)
 Temple: D:4-7

Altars:
Cheibriados
Zin


Message History

The gnoll barely misses you. You block the gnoll sergeant's attack.
The gnoll barely misses you.
The gnoll hits you with a +1 flail of protection!
You hit the gnoll sergeant.
The gnoll sergeant is lightly wounded.
You barely miss the gnoll. You hit the gnoll. The gnoll closely misses you.
The gnoll hits you but does no damage.
The gnoll sergeant hits you with a +0 spear of venom.
You are poisoned.
The gnoll hits you but does no damage. The gnoll barely misses you.
The gnoll hits you with a +1 flail of protection.
* * * LOW HITPOINT WARNING * * *
The gnoll hits you but does no damage.
The gnoll sergeant hits you with a +0 spear of venom.
* * * LOW HITPOINT WARNING * * *
You feel much better.
You feel sick. The gnoll hits you with a +0 whip.
The gnoll sergeant hits you with a +0 spear of venom.
* * * LOW HITPOINT WARNING * * *
You are lethally poisoned!
The gnoll hits you but does no damage. The gnoll barely misses you.
You slash the gnoll sergeant!
The gnoll sergeant is heavily wounded.
You barely miss the gnoll. You hit the gnoll but do no damage.
* * * LOW HITPOINT WARNING * * *
You feel very sick.
The gnoll sergeant hits you with a +0 spear of venom.
* * * LOW HITPOINT WARNING * * *
The gnoll hits you from afar with a +0 spear.
* * * LOW HITPOINT WARNING * * *
The gnoll hits you but does no damage.
The gnoll hits you with a +1 flail of protection.
* * * LOW HITPOINT WARNING * * *
It was a potion of ambrosia.
You are confused.
You feel invigorated.
* * * LOW HITPOINT WARNING * * *
You feel sick. The gnoll hits you but does no damage.
The gnoll sergeant barely misses you.
The gnoll hits you from afar with a +0 spear.
You die...

######
.....##########
..............#
......#######.#
#'##..# #.#
>.##..#######.##+###
.........^<##......#
.....##########....#
...............g@)g+
#..#.##########g)g.#
#### .....##
#....$... #...
#.....###
#........?. #...
..###...#
#........## #...
.### ##.#
#........########...
...## .####
#........##.........
##..###....#
###########.........
##....###.#
##...######.........


You could see a gnoll sergeant and 3 gnolls.

Vanquished Creatures
  A phantom (D:5)
  2 scorpions
  3 electric eels (D:5)
  A jelly (D:4)
  3 orc priests
  A gnoll bouda (D:4)
  Terence (D:2)
  An iguana (D:5)
  3 orc wizards
  12 gnolls
  3 adders
  A shadow imp (D:5)
  2 ufetubi
  A worm (D:4)
  2 dart slugs
  15 orcs
  7 ball pythons
  4 endoplasms
  3 giant cockroaches
  3 hobgoblins
  2 jackals (D:4)
  7 kobolds
  3 frilled lizards
  10 goblins
  7 rats
  2 toadstools (D:1)
100 creatures vanquished.

Vanquished Creatures (others)
  2 toadstools (D:1)
2 creatures vanquished.

Grand Total: 102 creatures vanquished

Notes
Turn   | Place    | Note
-------+----------+-------------------------------------------
     0 | D:1      | macek the Human Fighter began the quest for the Orb.
     0 | D:1      | Reached XP level 1. HP: 18/18 MP: 1/1
   200 | D:1      | Reached XP level 2. HP: 4/24 MP: 2/2
   207 | D:1      | HP: 1/24 [dart slug/slug dart (4)]
   773 | D:1      | Reached XP level 3. HP: 29/29 MP: 3/3
  1564 | D:2      | Identified the +8 mace of Ghostly Indomitability {drain,
                  | *Corrode rElec Will+ Str+7}
  1606 | D:2      | Noticed Terence
  1612 | D:2      | Killed Terence
  1613 | D:2      | Reached XP level 4. HP: 30/33 MP: 4/4
  1891 | D:2      | Found a faded altar of an unknown god.
  2330 | D:3      | Identified a scroll of acquirement
  2331 | D:3      | Acquired a manual of Throwing
  2367 | D:3      | Reached XP level 5. HP: 40/42 MP: 5/5
  2370 | D:3      | Reached skill level 1 in Throwing
  2570 | D:3      | Reached skill level 1 in Maces & Flails
  2600 | D:3      | Learned a level 2 spell: Blink
  2886 | D:4      | Reached XP level 6. HP: 24/48 MP: 6/6
  3162 | D:4      | Reached skill level 1 in Spellcasting
  3168 | D:4      | Reached skill level 1 in Evocations
  3615 | D:4      | Found a glowing silver altar of Zin.
  3625 | D:4      | Became a worshipper of Zin the Law-Giver
  3625 | D:4      | Reached * piety under Zin
  3752 | D:4      | Was placed under penance by Zin
  3755 | D:4      | Reached XP level 7. HP: 49/54 MP: 8/8
  3780 | D:4      | Was forgiven by Zin
  3888 | D:4      | Found a snail-covered altar of Cheibriados.
  3917 | D:4      | Fell from the grace of Zin
  3917 | D:4      | Became a worshipper of Cheibriados the Contemplative
  4109 | D:5      | Entered Level 5 of the Dungeon
  4317 | D:5      | Found a transporter.
  4350 | D:5      | Found a transporter.
  4500 | D:5      | Reached XP level 8. HP: 48/61 MP: 11/11
  4510 | D:5      | Reached * piety under Cheibriados
  4601 | D:5      | HP: 1/61 [gnoll/+1 flail of protection[a gnoll sergeant]
                  | (4)]
  4602 | D:5      | Slain by a gnoll

Illustrated notes

Levels and vault maps discovered:
D:1:      ldierk_water_garden, layout_loops_ring
D:2:      layout_basic, basic_ecumenical_altar, uniq_terence
D:3:      layout_loops_ring
D:4:      layout_loops_cross, cheibrodos_worm_habitat,
          mainiacjoe_overflow_six_doors_small, st_stairs_1
D:5:      gammafunk_steamed_eel, layout_basic

Skill      XL: |  1  2  3  4  5  6  7  8 |
---------------+-------------------------+-----
Throwing       | 2 3 4 |  4.1
Maces & Flails | 1 2 |  2.7
Armour         | 4 |  4.8
Fighting       | 4 |  4.7
Spellcasting   | 1 2 |  2.2
Evocations     | 1 2 |  2.3
Shields        | 4 |  4.1
Axes           | |  2.7

Action                   |  1- 3 |  4- 6 |  7- 9 || total
-------------------------+-------+-------+-------++-------
Melee: War axe           |    49 |     1 |    16 ||    66
       Mace              |     1 |    91 |    48 ||   140
Invok: Bend Time         |       |       |     1 ||     1
Evoke: Wand              |       |       |     2 ||     2
  Use: Scroll            |     1 |     8 |     1 ||    10
       Potion            |       |     2 |     4 ||     6
Armor: Scale mail        |     4 |       |       ||     4
       Plate armour      |    18 |    39 |    37 ||    94
Dodge: Dodged            |    11 |    29 |    45 ||    85
Block: Buckler           |    12 |    25 |    21 ||    58
